 Dungeon Crawl Stone Soup version 0.25.0-9-g26727b657a (webtiles) character file.

Game seed: 14866239264077639542

7593 Flugkiller the Cleaver (level 10, -4/94 HPs)
             Began as a Deep Dwarf Fighter on June 20, 2020.
             Was an Elder of Makhleb.
             Slain by a komodo dragon (22 damage)
             ... on level 10 of the Dungeon.
             The game lasted 00:05:01 (6032 turns).

Flugkiller the Cleaver (Deep Dwarf Fighter)         Turns: 6032, Time: 00:05:02

Health: -4/94      AC: 15    Str: 23    XL:     10   Next: 97%
Magic:  2/2        EV:  7    Int:  9    God:    Makhleb [****..]
Gold:   652        SH: 13    Dex: 21    Spells: 9/9 levels left

rFire    . . .     SeeInvis .   a - +1 war axe
rCold    . . .     Gourm    .   c - +1 kite shield
rNeg     . . .     Faith    .   g - +0 chain mail
rPois    .         Spirit   .   K - +0 helmet
rElec    .         Reflect  .   b - +0 cloak
rCorr    .         Harm     .   k - +0 pair of gloves {Dex+3}
MR       +....                  (no boots)
Stlth    ..........             (no amulet)
HPRegen  0.00/turn              I - +6 ring of dexterity
MPRegen  0.08/turn              j - +4 ring of slaying

@: non-regenerating
A: damage resistance, heal wounds, sense surroundings 2, no regeneration
a: Heal Wounds, Minor Destruction, Lesser Servant of Makhleb, Major Destruction,
Renounce Religion


You were on level 10 of the Dungeon.
You worshipped Makhleb.
Makhleb was greatly pleased with you.
You were not hungry.

You visited 3 branches of the dungeon, and saw 12 of its levels.
You also visited: Sewer.

You collected 652 gold pieces.

Inventory:

Hand Weapons
 a - a +1 war axe (weapon)
 y - a +3 battleaxe
   (You took it off an orc warrior on level 6 of the Dungeon)
Armour
 b - a +0 cloak (worn)
   (You found it on level 3 of the Dungeon)
 c - a +1 kite shield (worn)
 g - a +0 chain mail (worn)
   (You found it on level 3 of the Dungeon)
 k - a +0 pair of gloves of dexterity (worn)
   (You found it on level 9 of the Dungeon)
 K - a +0 helmet (worn)
   (You found it on level 9 of the Dungeon)
Jewellery
 i - an uncursed ring of see invisible
   (You found it on level 8 of the Dungeon)
 j - a +4 ring of slaying (right hand)
   (You found it on level 8 of the Dungeon)
 s - an uncursed ring of fire
   (You found it on level 5 of the Dungeon)
 I - a +6 ring of dexterity (left hand)
   (You found it on level 9 of the Dungeon)
Wands
 p - a wand of acid (4)
   (You found it on level 9 of the Dungeon)
 v - a wand of digging (6)
   (You took it off Terence on level 3 of the Dungeon)
 F - a wand of paralysis (10)
   (You found it on level 8 of the Dungeon)
 H - a wand of iceblast (8)
   (You found it on level 2 of the Dungeon)
Scrolls
 n - a scroll of enchant armour
 r - 2 scrolls of identify
 t - 3 scrolls of teleportation
 x - 4 scrolls of remove curse
 A - a scroll of fog
 B - 2 scrolls of enchant weapon
Potions
 d - 3 potions of might
 f - a potion of brilliance {unknown}
 h - 3 potions of stabbing
 l - 2 potions of mutation
 m - 2 potions of flight {unknown}
 o - 2 potions of haste {unknown}
 w - 4 potions of heal wounds
 G - 6 potions of curing {unknown}
Comestibles
 e - 14 rations
 q - 10 chunks of flesh


   Skills:
 + Level 7.0 Fighting
 * Level 11.1 Axes
 + Level 8.4 Armour
 + Level 8.5 Shields
 + Level 7.7 Invocations


You had 9 spell levels left.
You didn't know any spells.
Your spell library was empty.

Dungeon Overview and Level Annotations

Branches:
Dungeon (10/15)            Temple (1/1) D:7             Orc (1/2) D:10
  Sewer (visited)
   Lair: D:8-11

Altars:
Ashenzari
Cheibriados
Dithmenos
Elyvilon
Fedhas
Gozag
Hepliaklqana
Kikubaaqudgha
Makhleb
Nemelex Xobeh
Okawaru
Qazlal
Ru
Sif Muna
Trog
Uskayaw
Vehumet
Wu Jian
Xom
Yredelemnul
Zin
The Shining One

Shops:
D:7 }   D:9 *


Innate Abilities, Weirdness & Mutations

You are resistant to damage.
You can heal yourself by infusing magical energy.
You passively map the area around you.
You do not regenerate.


Message History

The komodo dragon is severely wounded.
The komodo dragon bites you.
Your neqoxec barely misses the komodo dragon.
You are too injured to fight recklessly!
You hit the komodo dragon.
The komodo dragon is almost dead.
A hound comes into view.
The komodo dragon bites you!
* * * LOW HITPOINT WARNING * * *
Your neqoxec hits the komodo dragon but does no damage.
You are too injured to fight recklessly!
Your shield and chain mail prevent you from hitting the komodo dragon.
The komodo dragon is almost dead.
The hound bites your neqoxec but does no damage.
The komodo dragon closely misses you.
Your neqoxec hits the hound.
You are too injured to fight recklessly!
You hit the komodo dragon.
The komodo dragon is almost dead.
The hound bites your neqoxec. The komodo dragon bites you!!
You die...

* * * ,* * , , * ,*
* , * * *### , , ,
,, , ..# *, * * #h#
, * ** ###3### # *
#..l..#.# , ,
#.#@#.#.## **,*,
#######........# ..
........#.#.#..# *
..##.#####.....#..#
#.##.# ###.###<.#
#.##.# #.# #..#
#.##.# #.# #..#
#.##.#######.# #..#
#####.##.........#
#..#


You could see a komodo dragon, a hound and a friendly neqoxec (summoned).

Vanquished Creatures
  Pikel (D:8)
  A hippogriff (D:9)
  A meliai zombie (D:10)
  Sigmund (D:6)
  2 yaks (D:7)
  2 hogs (D:7)
  A human (D:7)
  2 hungry ghosts (D:10)
  Edmund (D:6)
  Menkaure (D:6)
  8 orc warriors
  2 ice beasts
  A sky beast (D:9)
  A black bear (D:9)
  3 phantoms
  4 centaurs
  4 ogres
  A crocodile (D:8)
  3 big kobolds
  2 bullfrogs
  A wyvern skeleton (D:8)
  6 scorpions
  2 troll zombies (D:10)
  9 killer bees
  A howler monkey (D:6)
  A centaur zombie (D:8)
  3 crimson imps
  3 bullfrog skeletons
  3 hounds
  2 jellies
  A quasit (D:5)
  10 orc priests
  2 centaur skeletons
  Jessica (D:2)
  3 iguanas
  Terence (D:3)
  6 worker ants
  11 orc wizards
  5 ogre zombies (D:10)
  3 hound zombies
  18 adders
  4 gnolls (D:6)
  A river rat (Sewer)
  A shadow imp (D:9)
  3 oozes
  2 adder skeletons
  4 worms
  9 leopard geckos
  40 orcs
  A ball python (D:6)
  9 giant cockroaches
  2 goblins
  6 hobgoblins
  12 jackals
  4 quokkas
  5 bats
  4 goblin skeletons (D:10)
  4 hobgoblin skeletons (D:10)
  A hobgoblin zombie (D:10)
  11 kobolds
  2 orc skeletons (D:10)
  14 orc zombies (D:10)
  A quokka skeleton (D:6)
  2 quokka zombies (D:5)
  10 rats
286 creatures vanquished.

Vanquished Creatures (collateral kills)
  2 orc priests (Orc:1)
  An orc wizard (Orc:1)
  An orc (Orc:1)
4 creatures vanquished.

Vanquished Creatures (others)
  A quokka (D:8)
1 creature vanquished.

Grand Total: 291 creatures vanquished

Notes
Turn   | Place    | Note
-------+----------+-------------------------------------------
     0 | D:1      | Flugkiller the Deep Dwarf Fighter began the quest for the
                  | Orb.
     0 | D:1      | Reached XP level 1. HP: 20/20 MP: 1/1
   218 | D:2      | Noticed Jessica
   227 | D:2      | Reached XP level 2. HP: 25/27 MP: 1/1
   235 | D:2      | Killed Jessica
   235 | D:2      | Reached skill level 3 in Axes
   235 | D:2      | Reached XP level 3. HP: 14/34 MP: 2/2
   246 | D:2      | Reached XP level 4. HP: 35/42 MP: 3/3
   440 | D:3      | Found a glowing drain.
   469 | Sewer    | Entered a sewer
   640 | Sewer    | Reached skill level 4 in Axes
   661 | Sewer    | Reached XP level 5. HP: 44/49 MP: 3/3
   822 | Sewer    | Reached XP level 6. HP: 40/57 MP: 4/4
   912 | D:3      | Reached skill level 5 in Axes
  1260 | D:3      | Noticed Terence
  1271 | D:3      | Killed Terence
  1397 | D:4      | Reached XP level 7. HP: 34/64 MP: 3/3
  1447 | D:4      | Reached skill level 5 in Shields
  1530 | D:4      | Reached skill level 5 in Armour
  1611 | D:4      | Reached skill level 6 in Axes
  1664 | D:4      | Found a sparkling altar of Nemelex Xobeh.
  1735 | D:4      | Found a sacrificial altar of Ru.
  1864 | D:5      | Entered Level 5 of the Dungeon
  2023 | D:5      | Found a burning altar of Makhleb.
  2030 | D:5      | Became a worshipper of Makhleb the Destroyer
  2125 | D:5      | Reached skill level 1 in Invocations
  2224 | D:5      | Found a stormy altar of Qazlal.
  2354 | D:5      | Found Torchoir's Jewellery Emporium.
  2501 | D:6      | Reached XP level 8. HP: 53/73 MP: 4/4
  2567 | D:6      | Reached skill level 7 in Axes
  2697 | D:6      | Found a blossoming altar of Fedhas.
  2697 | D:6      | Found a bloodstained altar of Trog.
  2698 | D:6      | Found an iron altar of Okawaru.
  2875 | D:6      | Reached * piety under Makhleb
  2901 | D:6      | Noticed Menkaure
  2914 | D:6      | Reached skill level 5 in Fighting
  2916 | D:6      | Killed Menkaure
  3324 | D:6      | Noticed Sigmund
  3333 | D:6      | Killed Sigmund
  3333 | D:6      | Reached skill level 8 in Axes
  3356 | D:6      | Noticed Edmund
  3372 | D:6      | Killed Edmund
  3372 | D:6      | Gained mutation: You passively map the area around you.
                  | [Deep Dwarf growth]
  3372 | D:6      | Reached XP level 9. HP: 29/81 MP: 3/5
  3537 | D:7      | Found Qeussoul's Gadget Emporium.
  3741 | D:7      | Found a staircase to the Ecumenical Temple.
  3757 | Temple   | Entered the Ecumenical Temple
  4260 | D:7      | Reached skill level 9 in Axes
  4260 | D:7      | Reached skill level 5 in Invocations
  4266 | D:7      | HP: 1/82 [yak (8)]
  4415 | D:8      | Reached ** piety under Makhleb
  4530 | D:8      | Noticed Pikel
  4539 | D:8      | Killed Pikel
  4539 | D:8      | Reached XP level 10. HP: 61/91 MP: 2/2
  4558 | D:8      | Found a white marble altar of Elyvilon.
  4587 | D:8      | Reached skill level 10 in Axes
  4831 | D:9      | You fall into a shaft and drop 1 floor!
  4831 | D:10     | Entered Level 10 of the Dungeon
  5122 | D:9      | Reached *** piety under Makhleb
  5413 | D:9      | Found Gaqouxt's Serpentskin Sales.
  5823 | D:10     | Found a staircase to the Orcish Mines.
  5848 | D:10     | Reached **** piety under Makhleb
  5879 | Orc:1    | Entered Level 1 of the Orcish Mines
  5902 | Orc:1    | Reached skill level 11 in Axes
  6032 | D:10     | Slain by a komodo dragon

Illustrated notes

Levels and vault maps discovered:
D:1:      dpeg_arrival_rooms_b, layout_basic
D:2:      layout_basic, uniq_jessica
D:3:      layout_basic, gup_sewer_entry_pipe, first_ration, uniq_terence
D:4:      layout_cave_pools, lemuel_round_altar, nemelex_dance_club_becter
D:5:      layout_basic, grunt_qazlal_sundering, bloody_makhleb, serial_shops,
          shop
D:6:      layout_basic, gammafunk_temple_overflow_claw,
          sigmund_edmund_badplayer, uniq_menkaure
D:7:      layout_loops_ring, minmay_temple_entry_arrows, serial_shops,
          shop_fountains, grunt_livestock
D:8:      layout_rooms, elyvilon_altar_4, uniq_pikel
D:9:      layout_cave_pods, guppyfry_shop_venom
D:10:     layout_loops_ring, lair_entry_dummy, zombieorc2_lemuel, uniq_maurice
Temple:   regret_index_temple_waves
Orc:1:    layout_caves, special_room [special_room_bee]

Skill      XL: |  1  2  3  4  5  6  7  8  9 10 |
---------------+-------------------------------+-----
Fighting       | 3 4 5 6 7 |  7.0
Axes           | 3 4 5 6 8 9 11 | 11.1
Shields        | 4 5 6 7 8 |  8.5
Armour         | 4 5 6 7 8 |  8.4
Invocations    | 1 4 6 7 |  7.7

Action                   |  1- 3 |  4- 6 |  7- 9 | 10-12 || total
-------------------------+-------+-------+-------+-------++-------
Melee: War axe           |    44 |   263 |   207 |   201 ||   715
       Battleaxe         |       |       |   200 |    52 ||   252
Invok: Lesser Servant of |       |       |       |     2 ||     2
 Abil: Heal Wounds       |     2 |     5 |    24 |     4 ||    35
  Use: Scroll            |       |     4 |       |    11 ||    15
  Eat: Chunk             |       |     3 |     7 |     5 ||    15
       Ration            |       |       |     1 |     2 ||     3
Armor: Scale mail        |    42 |    91 |       |       ||   133
       Chain mail        |       |    20 |   213 |   165 ||   398
Dodge: Dodged            |    38 |    57 |   140 |    96 ||   331
Block: Kite shield       |    35 |   149 |   135 |   150 ||   469
